 Dungeon Crawl Stone Soup version 0.28-a0-1348-g050f3537b9 (webtiles) character file.

Game seed: 2391729818032860654

78 Cheeritup the Grave Robber (level 4, -1/24 HPs)
             Began as a Deep Elf Necromancer on Dec 30, 2021.
             Succumbed to a kobold brigand's poison
             ... on level 3 of the Dungeon.
             The game lasted 00:10:49 (3911 turns).

Cheeritup the Grave Robber (Deep Elf Necromancer)   Turns: 3911, Time: 00:10:50

Health: -1/24      AC:  3    Str:  5    XL:     4   Next: 15%
Magic:  10/11      EV: 12    Int: 22    God:
Gold:   127        SH:  0    Dex: 15    Spells: 5/10 levels left

rFire   . . .      SeeInvis .   n - +0 short sword
rCold   . . .      Faith    .   o - orb {light}
rNeg    . . .      Spirit   .   l - +0 leather armour
rPois   .          Reflect  .   (no helmet)
rElec   .          Harm     .   (no cloak)
rCorr   .          Rampage  .   (no gloves)
Will    .....                   (no boots)
Stlth   +.........              (no amulet)
HPRegen 0.08/turn               c - ring of flight
MPRegen 0.12/turn               (no ring)

@: lethally poisoned (-1 -> -16), flying, glowing
A: no striking features
a: no special abilities


You were on level 3 of the Dungeon.
You visited 1 branch of the dungeon, and saw 4 of its levels.

You collected 127 gold pieces.

Inventory:

Hand Weapons
 n - a +0 short sword (weapon)
Armour
 a - a +0 robe
 l - a +0 leather armour (worn)
 o - an orb of light (worn)
Jewellery
 b - an amulet of faith
 c - a ring of flight (left hand)
Scrolls
 g - a scroll of identify
 i - a scroll of magic mapping {unknown}
Potions
 d - a potion of mutation {unknown}
 e - a potion of might {unknown}
 f - 2 potions of attraction
 h - a potion of magic {unknown}
 m - a potion of flight {unknown}
 p - a potion of cancellation {unknown}


   Skills:
 + Level 3.4 Dodging
 + Level 3.5 Stealth
 + Level 3.9 Spellcasting
 + Level 5.4 Necromancy


You had 5 spell levels left.
You knew the following spells:

 Your Spells              Type           Power      Damage    Failure   Level
a - Pain                  Necr           100%       1d9       1%          1
b - Animate Skeleton      Necr           56%        N/A       1%          1
c - Vampiric Draining     Necr           28%        2d8       6%          3

Your spell library contained the following spells:

 Spells                   Type           Power      Damage    Failure   Level
 Foxfire                  Conj/Fire      16%        2x1d4     19%         1
 Magic Dart               Conj           16%        1d3       19%         1
 Animate Dead             Necr           14%        N/A       21%         4
 Call Imp                 Summ           4%         N/A       28%         2
 Passwall                 Tmut/Erth      3%         N/A       28%         2
 Conjure Flame            Conj/Fire      4%         6-21      50%         3
 Inner Flame              Hex/Fire       4%         N/A       50%         3
 Mephitic Cloud           Conj/Pois/Air  4%         N/A       50%         3
 Swiftness                Air            4%         N/A       50%         3
 Agony                    Necr           28%        N/A       50%         5
 Flame Wave               Conj/Fire      4%         2d4       88%         4


Dungeon Overview and Level Annotations

Branches:
Dungeon (4/15)
 Temple: D:4-7

Altars:

Annotations:
D:3 1 runed translucent door, Deminshera's ghost, amateur TrHu


Message History

You feel sick.
You feel sick.
You feel sick.
You see here a +0 hunting sling.
You feel sick.
The kobold brigand throws a poisoned dart.
The poisoned dart misses you.
You feel sick.
You are no longer poisoned.
The kobold brigand throws a poisoned dart.
The poisoned dart barely misses you.
The kobold brigand throws a poisoned dart.
The poisoned dart barely misses you.
There is a stone staircase leading down here.
You fly downwards.
You hear the hiss of flowing sand.
There is an entrance to an ossuary on this level.
Hurry and find it before the portal is buried!
The ogre shouts!
The adder hisses angrily.
Found 15 poisoned darts and a scroll of amnesia.
There is a stone staircase leading up here.
You fly upwards.
Level annotation: 1 runed translucent door, Deminshera's ghost, amateur TrHu The kobold brigand throws a poisoned dart.
The poisoned dart hits you.
You are poisoned.
There is a stone staircase leading down here.
You feel sick.
The kobold brigand throws a poisoned dart.
The poisoned dart hits you.
You are lethally poisoned!
* * * LOW HITPOINT WARNING * * *
You feel sick.
The kobold brigand throws a poisoned dart.
The poisoned dart hits you!
You are more poisoned.
* * * LOW HITPOINT WARNING * * *
You feel very sick.
The kobold brigand throws a poisoned dart.
The poisoned dart closely misses you.
You die...

..# #...........##### #..
....#............## ..
.....###.#.........
.................#
.................###..
.................##...
#....................
.........(.......# #
........@[.####..# .#
...........# #..# #.#
.......#...####..####..#
###................[.#..#
..........>......##....#
#................#...##
###................(...#
...................#...#####
###....(....K......#........


There were no monsters in sight!

Vanquished Creatures
  2 adders (D:2)
  A worm (D:2)
  2 dart slugs
  6 ball pythons
  6 bats
  6 endoplasms
  2 giant cockroaches
  6 hobgoblins
  3 quokkas
  3 frilled lizards
  3 goblins
  7 kobolds
  4 rats
51 creatures vanquished.

Notes
Turn   | Place    | Note
-------+----------+-------------------------------------------
     0 | D:1      | Cheeritup the Deep Elf Necromancer began the quest for the
                  | Orb.
     0 | D:1      | Reached XP level 1. HP: 10/10 MP: 6/6
   364 | D:1      | Learned a level 1 spell: Animate Skeleton
   736 | D:1      | Found a faded altar of an unknown god.
   743 | D:1      | Reached skill level 5 in Necromancy
   743 | D:1      | Reached XP level 2. HP: 10/15 MP: 4/8
  2133 | D:2      | Reached XP level 3. HP: 16/19 MP: 7/10
  2930 | D:2      | Learned a level 3 spell: Vampiric Draining
  3365 | D:2      | Reached XP level 4. HP: 14/24 MP: 6/11
  3666 | D:2      | Learned a level 1 spell: Animate Skeleton
  3769 | D:3      | Found a runed translucent door.
  3771 | D:3      | Noticed Deminshera's ghost (amateur TrHu)
  3883 | D:3      | Noticed a kobold brigand
  3905 | D:4      | Noticed an ogre
  3911 | D:3      | Succumbed to a kobold brigand's poison

Illustrated notes

Levels and vault maps discovered:
D:1:      minmay_arrival_loop, layout_basic, dreamdust_ecumenical_altar_grove,
          minmay_misc_feat_x
D:2:      layout_loops_ring
D:3:      minmay_goblin_kobold_castle, layout_rooms, ebering_ghost_sewer_f
D:4:      layout_loops_ring, evilmike_ruin_ashenzari, enter_ossuary_3,
          uniq_menkaure

Skill      XL: |  1  2 |
---------------+-------+-----
Necromancy     | 5 |  5.4
Stealth        | 3 |  3.5
Dodging        | 3 |  3.4
Spellcasting   | |  3.9

Action                   |  1- 3 |  4- 6 || total
-------------------------+-------+-------++-------
Melee: Short sword       |     2 |       ||     2
 Cast: Pain              |    80 |    15 ||    95
       Animate Skeleton  |       |     1 ||     1
  Use: Scroll            |       |     4 ||     4
Armor: Robe              |     2 |       ||     2
       Leather armour    |     1 |     1 ||     2
Dodge: Dodged            |     8 |     7 ||    15

Table legend: (Time is in decaauts)
 A = Elapsed time spent in this place.
 B = Non-inter-level travel time spent in this place.
 C = Inter-level travel time spent in this place.
 D = Time resting spent in this place.
 E = Time spent auto-exploring this place.
 F = Levels seen in this place.
 G = Mean time per level.
                   A        B        C        D        E       F      G
               +--------+--------+--------+--------+--------+-----+--------+
         Total |   3910 |   3868 |     42 |    775 |   2390 |   4 |  977.5 |
       Dungeon |   3910 |   3868 |     42 |    775 |   2390 |   4 |  977.5 |
               +--------+--------+--------+--------+--------+-----+--------+

Top non-repeatable levels by time:
     D:1: 2090 daAuts
     D:2: 1650 daAuts
     D:3: 167 daAuts
     D:4: 1 daAuts
